 Dungeon Crawl Stone Soup version 0.29-a0-474-gdfe5cd140f (webtiles) character file.

Game seed: 12716500314508346780

3157 sammy202020 the Fighter (level 9, -4/84 HPs)
             Began as a Minotaur Fighter on May 24, 2022.
             Was a Follower of Trog.
             Killed from afar by a raiju (7 damage)
             ... with a living lightning
             ... on level 1 of the Abyss.
             The game lasted 00:11:24 (6619 turns).

sammy202020 the Fighter (Minotaur Fighter)          Turns: 6619, Time: 00:11:25

Health: -4/84      AC: 13    Str: 21    XL:     9   Next: 62%
Magic:  8/8        EV: 11    Int:  9    God:    Trog [*.....]
Gold:   88         SH:  6    Dex: 10    Spells: 8/8 levels left

rFire   . . .      SeeInvis .   a - +1 war axe (freeze)
rCold   . . .      Faith    .   c - +1 buckler
rNeg    . . .      Spirit   .   t - +0 plate armour
rPois   .          Reflect  .   (helmet restricted)
rElec   .          Harm     .   (no cloak)
rCorr   .          Rampage  .   (no gloves)
Will    .....                   (no boots)
Stlth   ..........              (no amulet)
HPRegen 0.24/turn               k - +4 ring of evasion
MPRegen 0.11/turn               (no ring)

@: no status effects
A: horns 2, retaliatory headbutt
a: Renounce Religion, Berserk


You were on level 1 of the Abyss.
You worshipped Trog.
Trog was aware of your devotion.
You visited 2 branches of the dungeon, and saw 9 of its levels.
You visited the Abyss 1 time.

You collected 313 gold pieces.
You spent 225 gold pieces at shops.

Inventory:

Hand Weapons
 a - a +1 war axe of freezing (weapon)
 d - a +1 vorpal flail
Armour
 c - a +1 buckler (worn)
 t - a +0 plate armour (worn)
Jewellery
 k - a +4 ring of evasion (left hand)
 n - a +4 ring of protection
Wands
 p - a wand of flame (30)
Scrolls
 i - 3 scrolls of amnesia
 m - a scroll of identify
 s - a scroll of torment
 v - 2 scrolls of blinking
Potions
 b - a potion of ambrosia
 e - a potion of curing
 f - 2 potions of flight
 g - 3 potions of haste
 h - 2 potions of heal wounds
 j - 3 potions of magic
 l - a potion of degeneration {unknown}
 q - 2 potions of brilliance {unknown}
 r - a potion of attraction {unknown}
 u - a potion of resistance {unknown}


   Skills:
 * Level 9.4 Fighting
 * Level 9.0 Axes
 + Level 7.1 Armour
 + Level 5.5 Dodging
 + Level 7.1 Shields


You had 8 spell levels left.
You didn't know any spells.
Your spell library was empty.

Dungeon Overview and Level Annotations

Branches:
Dungeon (8/15)             Temple (1/1) D:5
   Lair: D:8-11

Altars:
Ashenzari
Cheibriados
Elyvilon
Fedhas
Kikubaaqudgha
Nemelex Xobeh
Okawaru
Qazlal
Ru
Trog
Uskayaw
Vehumet
Wu Jian
Xom
Yredelemnul

Shops:
D:2 [:   D:4 ?

Annotations:
D:8 Psyche


Innate Abilities, Weirdness & Mutations

You have a pair of horns on your head.
You reflexively headbutt those who attack you in melee.


Message History

The air elemental attacks as you move away!
You block the air elemental's attack. x2
The air elemental hits you!
* * * LOW HITPOINT WARNING * * *
The air elemental closely misses you. You furiously retaliate!
You headbutt the air elemental. You slash the air elemental!
You freeze the air elemental.
The air elemental is almost destroyed.
The air elemental fires a burst of electricity at you.
The stunning burst misses you. The air elemental barely misses you.
You furiously retaliate!
You headbutt the air elemental, but do no damage.
You slash the air elemental! You freeze the air elemental.
You destroy the air elemental!
That felt strangely unrewarding.
A raiju comes into view.
The raiju barks!
You hear a bark! x2
The raiju bursts into living lightning!
The living lightning misses you.
The raiju blinks! x2
A raiju comes into view.
The raiju barks!
You slash the raiju! You freeze the raiju.
The raiju is moderately wounded.
The raiju bites you but does no damage.
You slash the raiju! You freeze the raiju.
The raiju is severely wounded.
The raiju bursts into living lightning!
The living lightning hits the raiju.
The raiju completely resists.
The living lightning hits you!
* * * LOW HITPOINT WARNING * * *
The raiju blinks! x2
The raiju bursts into living lightning!
The living lightning hits you!
* * * LOW HITPOINT WARNING * * *
The raiju blinks!
A raiju comes into view.
The raiju closely misses you.
The raiju bursts into living lightning!
The living lightning hits you!
You die...

##########
#.#........###.
...............
#@hh.# #.#..#
#.# .# #.# #
#.# #.# .. . .
#.# ## #... #h#
.....# . #.#


You could see 3 raiju.

Vanquished Creatures
  Prince Ribbit (D:7)
  Sigmund (D:5)
  An air elemental (Abyss:1)
  Edmund (D:4)
  4 water moccasins
  2 ice beasts
  An orc warrior (D:8)
  2 black bears
  3 ogres
  2 centaurs
  A kobold brigand (D:6)
  2 bullfrogs
  A scorpion (D:5)
  12 killer bees (D:8)
  A howler monkey (D:7)
  2 hounds (D:6)
  3 jellies
  3 orc priests
  A gnoll shaman (D:6)
  An orc wizard (D:7)
  3 iguanas
  3 gnolls (D:6)
  6 adders
  A white imp (D:6)
  A worm (D:2)
  4 dart slugs
  12 orcs
  6 ball pythons
  5 endoplasms
  A giant cockroach (D:2)
  10 goblins
  6 hobgoblins
  4 jackals (D:4)
  19 kobolds
  7 bats
  2 frilled lizards
  3 rats
138 creatures vanquished.

Notes
Turn   | Place    | Note
-------+----------+-------------------------------------------
     0 | D:1      | sammy202020 the Minotaur Fighter began the quest for the
                  | Orb.
     0 | D:1      | Reached XP level 1. HP: 19/19 MP: 0/0
   118 | D:1      | Reached XP level 2. HP: 26/27 MP: 1/1
   802 | D:2      | Reached XP level 3. HP: 17/33 MP: 2/2
   997 | D:2      | Reached skill level 1 in Dodging
  1172 | D:2      | Found Bonuad Qugid's Antique Armour Shoppe.
  1253 | D:2      | Found Donoggiu's Book Emporium.
  1813 | D:3      | Found a faded altar of an unknown god.
  1942 | D:3      | Reached XP level 4. HP: 41/41 MP: 3/3
  2292 | D:4      | Reached XP level 5. HP: 35/47 MP: 4/4
  2397 | D:4      | Reached skill level 5 in Fighting
  2492 | D:4      | Noticed a black bear
  2500 | D:4      | Killed a black bear
  2501 | D:4      | Reached XP level 6. HP: 42/56 MP: 5/5
  2603 | D:4      | Found Olamod's Magic Scroll Shoppe.
  2606 | D:4      | Noticed a water moccasin
  2611 | D:4      | Killed a water moccasin
  2612 | D:4      | Reached skill level 5 in Axes
  2722 | D:4      | Noticed Edmund
  2731 | D:4      | Killed Edmund
  2732 | D:4      | Reached XP level 7. HP: 49/63 MP: 6/6
  2997 | D:5      | Entered Level 5 of the Dungeon
  3003 | D:5      | Found a staircase to the Ecumenical Temple.
  3010 | D:5      | Reached skill level 5 in Armour
  3010 | D:5      | Reached skill level 5 in Shields
  3014 | Temple   | Entered the Ecumenical Temple
  3178 | Temple   | Became a worshipper of Trog the Wrathful
  3305 | D:5      | Noticed Sigmund
  3321 | D:5      | Killed Sigmund
  3419 | D:5      | Reached XP level 8. HP: 64/73 MP: 7/7
  4618 | D:2      | Bought a scorched ring mail for 225 gold pieces
  4618 | D:2      | Identified the +0 ring mail of Qazlal, Bespelling {Stlth+}
                  | (You bought it in a shop on level 2 of the Dungeon)
  4734 | D:7      | Noticed Prince Ribbit
  4750 | D:7      | Killed Prince Ribbit
  4751 | D:7      | Reached XP level 9. HP: 51/82 MP: 8/8
  4898 | D:7      | Reached * piety under Trog
  4913 | D:7      | Reached skill level 5 in Dodging
  6513 | D:8      | Noticed Psyche
  6527 | D:8      | Found an ancient bone altar of Kikubaaqudgha.
  6531 | D:8      | Cast into level 1 of the Abyss (Psyche)
  6531 | Abyss:1  | Found a corrupted altar of Lugonu.
  6590 | Abyss:1  | Paralysed by an air elemental for 1 turns
  6617 | Abyss:1  | HP: 3/84 [raiju/living lightning (10)]
  6619 | Abyss:1  | Killed from afar by a raiju

Illustrated notes

Levels and vault maps discovered:
D:1:      ncdulo_halloftheorcs, layout_basic
D:2:      layout_basic, serial_shops, nicolae_shop_advertising_works
          [nicolae_subvault_shop_adworks], nicolae_shop_waterfront
D:3:      layout_basic, hellmonk_ecumenical_altar_crossroads, corexii_shack
D:4:      layout_rooms, serial_shops, shop, uniq_edmund
D:5:      layout_cave_pools, minmay_temple_entry_trees, uniq_sigmund
D:6:      layout_cave_pools
D:7:      cheibrodos_quashed, layout_rooms, uniq_prince_ribbit1
D:8:      layout_layer_cave, nicolae_kikubaaqudgha_miasma_corner,
          kennysheep_little_box, chequers_serial_rivers_small_3, uniq_psyche
Temple:   regret_index_temple_generic_petals
Abyss:1:  base: D:3, minivault_25

Skill      XL: |  1  2  3  4  5  6  7  8  9 |
---------------+----------------------------+-----
Fighting       | 4 5 6 7 8 9 |  9.4
Axes           | 3 4 5 6 8 9 |  9.0
Dodging        | 1 2 3 4 5 |  5.5
Shields        | 4 5 6 7 |  7.1
Armour         | 4 5 6 7 |  7.1

Action                   |  1- 3 |  4- 6 |  7- 9 || total
-------------------------+-------+-------+-------++-------
Melee: War axe           |    72 |    50 |   159 ||   281
       Headbutt          |     9 |    10 |    24 ||    43
Invok: Berserk           |       |       |     1 ||     1
  Use: Scroll            |     7 |     4 |    10 ||    21
       Potion            |       |     1 |     3 ||     4
Armor: Scale mail        |    35 |       |       ||    35
       Chain mail        |     4 |    30 |    37 ||    71
       Plate armour      |       |       |    64 ||    64
Dodge: Dodged            |    41 |    40 |   118 ||   199
Block: Buckler           |    17 |    11 |    68 ||    96

Table legend: (Time is in decaauts)
 A = Elapsed time spent in this place.
 B = Non-inter-level travel time spent in this place.
 C = Inter-level travel time spent in this place.
 D = Time resting spent in this place.
 E = Time spent auto-exploring this place.
 F = Levels seen in this place.
 G = Mean time per level.
                   A        B        C        D        E       F      G
               +--------+--------+--------+--------+--------+-----+--------+
         Total |   6700 |   6535 |    165 |    568 |   4751 |  10 |  670.0 |
       Dungeon |   6377 |   6212 |    165 |    568 |   4557 |   8 |  797.1 |
        Temple |    225 |    225 |      0 |      0 |    149 |   1 |  225.0 |
         Abyss |     97 |     97 |      0 |      0 |     45 |   1 |   97.0 |
               +--------+--------+--------+--------+--------+-----+--------+

Top non-repeatable levels by time:
     D:8: 1092 daAuts
     D:2: 888 daAuts
     D:6: 830 daAuts
     D:4: 785 daAuts
     D:1: 770 daAuts
     D:7: 710 daAuts
     D:3: 689 daAuts
     D:5: 609 daAuts
  Temple: 225 daAuts
 Abyss:1: 97 daAuts
